 Dungeon Crawl Stone Soup version 0.29-a0-839-g4793fd635e (webtiles) character file.

Game seed: 574116773141237290

211 Malachi the Shooter (level 5, 0/41 HPs)
             Began as a Demigod Hunter on July 14, 2022.
             Slain by an iguana (9 damage)
             ... on level 5 of the Dungeon.
             The game lasted 00:01:40 (1734 turns).

Malachi the Shooter (Demigod Hunter)                Turns: 1734, Time: 00:01:40

Health: 0/41       AC:  3    Str: 12    XL:     5   Next: 31%
Magic:  7/7        EV: 12    Int: 11    God:
Gold:   85         SH:  0    Dex: 21    Spells: 4/4 levels left

rFire   . . .      SeeInvis .   a - +0 shortbow
rCold   . . .      Faith    .   (shield currently unavailable)
rNeg    . . .      Spirit   .   c - +0 leather armour
rPois   .          Reflect  .   (no helmet)
rElec   .          Harm     .   (no cloak)
rCorr   .          Rampage  .   (no gloves)
Will    .....                   (no boots)
Stlth   ++........              (no amulet)
HPRegen 0.13/turn               (no ring)
MPRegen 0.10/turn               (no ring)

@: no status effects
A: high MP 1, forlorn, divine attributes
a: no special abilities


You were on level 5 of the Dungeon.
You visited 1 branch of the dungeon, and saw 4 of its levels.

You collected 85 gold pieces.

Inventory:

Hand Weapons
 a - a +0 shortbow (weapon)
Armour
 c - a +0 leather armour (worn)
Wands
 m - a wand of mindburst (17)
Scrolls
 b - a scroll of immolation
 e - 6 scrolls of identify {unknown}
 f - 3 scrolls of enchant weapon {unknown}
 g - 2 scrolls of teleportation {unknown}
 h - a scroll of fear {unknown}
 l - a scroll of poison {unknown}
 n - a scroll of magic mapping {unknown}
 p - a scroll of blinking {unknown}
 r - a scroll of noise {unknown}
Potions
 d - a potion of brilliance {unknown}
 i - a potion of degeneration {unknown}
 j - a potion of flight {unknown}
 k - 2 potions of mutation {unknown}
 o - a potion of resistance {unknown}
 q - 2 potions of curing {unknown}
 s - a potion of might {unknown}


   Skills:
 - Level 1.7 Fighting
 * Level 6.1 Ranged Weapons
 + Level 1.0 Armour
 - Level 1.7 Dodging
 - Level 0.8 Stealth


You had 4 spell levels left.
You didn't know any spells.
Your spell library was empty.

Dungeon Overview and Level Annotations

Branches:
Dungeon (3/15)


Innate Abilities, Weirdness & Mutations

You have an increased reservoir of magic. (+10% MP)
You shall have no god before yourself.
Your divine heritage dramatically boosts your attributes as you level up.


Message History

You shoot an arrow.
The arrow hits the iguana but does no damage.
The iguana is lightly wounded.
You hear a shout!
The iguana bites you!
You shoot an arrow. The arrow hits the iguana.
The iguana is moderately wounded.
The iguana barely misses you.
You shoot an arrow.
The arrow hits the iguana but does no damage.
The iguana is moderately wounded.
The iguana bites you! The iguana barely misses you.
An orc comes into view. It is wielding a +0 hand axe.
You shoot an arrow. The arrow closely misses the iguana.
An orc comes into view.
It is wielding a +0 dagger and wearing a +1 leather armour of positive energy.
The iguana barely misses you.
You shoot an arrow. The arrow hits the iguana.
The iguana is heavily wounded.
The iguana bites you!
* * * LOW HITPOINT WARNING * * *
You are too injured to fight recklessly!
You are too injured to fight recklessly!
You are too injured to fight recklessly!
You are too injured to fight recklessly!
You are too injured to fight recklessly!
You are too injured to fight recklessly!
You are too injured to fight recklessly!
You are too injured to fight recklessly!
You are too injured to fight recklessly!
You are too injured to fight recklessly!
Unknown command.
Unknown command.
The iguana attacks as you move away! The iguana closely misses you.
Fire: a) +0 shortbow
Press: ? - help, Q - select action, (/) - cycle Shift-Dir - straight line, f/p - iguana
Aim: an iguana (heavily wounded, 69% to hit)
You shoot an arrow. The arrow hits the iguana.
The iguana is severely wounded.
The iguana bites you!
You die...

#............ ......
#............ .....
#.......#...... ....
#.#...........# ...
#.....# .....##..
##..##.####......o
...##........##.o#
##.....†##...# #l#
............####@#
.#.....#......##.#####
##.....##............#
#.##.....#.##...###....
#.##..##......#.# ..
#.###.##..#....## #.
#.##...........
......######..# ....##
...#


You could see an iguana and 2 orcs.

Vanquished Creatures
  A bullfrog (D:5)
  2 hounds (D:5)
  3 adders
  A worm (D:3)
  2 orcs
  7 ball pythons
  2 bats
  3 endoplasms
  A giant cockroach (D:2)
  7 goblins
  4 hobgoblins
  6 jackals
  2 quokkas
  3 frilled lizards
  4 kobolds
  5 rats
53 creatures vanquished.

Notes
Turn   | Place    | Note
-------+----------+-------------------------------------------
     0 | D:1      | Malachi the Demigod Hunter began the quest for the Orb.
     0 | D:1      | Reached XP level 1. HP: 17/17 MP: 3/3
    63 | D:1      | Reached skill level 4 in Ranged Weapons
   257 | D:1      | Reached XP level 2. HP: 24/24 MP: 4/4
   988 | D:2      | Reached XP level 3. HP: 29/29 MP: 5/5
  1382 | D:3      | Reached skill level 5 in Ranged Weapons
  1661 | D:3      | You fall into a shaft and drop 2 floors!
  1661 | D:5      | Entered Level 5 of the Dungeon
  1674 | D:5      | Noticed a bullfrog
  1676 | D:5      | Killed a bullfrog
  1677 | D:5      | Reached XP level 4. HP: 36/36 MP: 6/6
  1708 | D:5      | Reached XP level 5. HP: 41/41 MP: 7/7
  1727 | D:5      | Reached skill level 6 in Ranged Weapons
  1727 | D:5      | Reached skill level 1 in Armour
  1734 | D:5      | Slain by an iguana

Illustrated notes

Levels and vault maps discovered:
D:1:      sevenhm_arrival_forest_fort_large_4, layout_basic,
          hellmonk_ecumenical_altar_zigzags
D:2:      layout_basic, serial_park_tiny_1, serial_bayou_pond_a
D:3:      layout_loops_ring
D:5:      layout_rooms

Skill      XL: |  1  2  3  4  5 |
---------------+----------------+-----
Ranged Weapons | 4 5 6 |  6.1
Armour         | 1 |  1.0
Fighting       | |  1.7
Dodging        | |  1.7
Stealth        | |  0.8

Action                   |  1- 3 |  4- 6 || total
-------------------------+-------+-------++-------
 Fire: Shortbow          |   123 |    25 ||   148
Armor: Leather armour    |     9 |     6 ||    15
Dodge: Dodged            |    36 |    12 ||    48

Table legend: (Time is in decaauts)
 A = Elapsed time spent in this place.
 B = Non-inter-level travel time spent in this place.
 C = Inter-level travel time spent in this place.
 D = Time resting spent in this place.
 E = Time spent auto-exploring this place.
 F = Levels seen in this place.
 G = Mean time per level.
                   A        B        C        D        E       F      G
               +--------+--------+--------+--------+--------+-----+--------+
         Total |   1780 |   1769 |     11 |      0 |   1496 |   4 |  445.0 |
       Dungeon |   1780 |   1769 |     11 |      0 |   1496 |   4 |  445.0 |
               +--------+--------+--------+--------+--------+-----+--------+

Top non-repeatable levels by time:
     D:1: 978 daAuts
     D:2: 412 daAuts
     D:3: 310 daAuts
     D:5: 79 daAuts
